cohdb
Replays
Latest Replays
All Replays
Popular Replays
Top Player Replays
Match Explorer
How It Works
Community
CoH3 Stats
Reddit
Sign in to upload your games and track your stats! →
Sign in with Steam
Match 46838615
Unlisted
Match 46838615
Overview
Messages
Build Orders
End
Panzergrenadier Squad
250 Light Carrier
Panzergrenadier Squad
Selects Panzerjäger Kommand Battlegroup
Selects Mine Fields
Panzergrenadier Squad
Construct Light Support Kompanie
Selects GrB 39 Grenade Launcher Requisition
250 Light Carrier
Combat Half-tracks
2.5-tonne Medical Truck
Fire Support Elements
Pak 38 Mechanized Group
Panzerpioneer Squad
2.5-tonne Medical Truck
Veteran Squad Leaders
Selects Defensive Positions
Selects Butterfly Bomb Drop
Construct Panzerarmee Kommand
Panzer III L Medium Tank
Butterfly Bomb Drop
Selects Crew Shock Tactics
Vehicle Survival Package
Pak 38 Mechanized Group
Walking Stuka Rocket Launcher
Panzerpioneer Squad
Tungsten Core Ammunition
2.5-tonne Medical Truck
Advanced Field Repairs
Otto Skorzeny
Onisox
IronDragon
寶兔兔
CiachBajera
rsmelo
Ediger
quant
0
0
Comments
sign in to comment!
No comments posted yet!